 Dungeon Crawl Stone Soup version 0.29.1-12-g30fa7ad0bf (webtiles) character file.

Game seed: 12812165244367693110

5173 DildoBatman the Merchant of Misery (level 10, -16/74 HPs)
             Began as a Formicid Conjurer on Jan 3, 2023.
             Was a Believer of Kikubaaqudgha.
             Killed from afar by a gargoyle (26 damage)
             ... with a stone arrow
             ... on level 9 of the Dungeon.
             The game lasted 00:29:27 (9362 turns).

DildoBatman the Merchant of Misery (FoCj)           Turns: 9362, Time: 00:29:28

Health: -16/74     AC:  8    Str: 11    XL:     10   Next: 90%
Magic:  24/29      EV: 13    Int: 23    God:    Kikubaaqudgha [**....]
Gold:   472        SH:  0    Dex: 18    Spells: 15/23 levels left

rFire   + . .      SeeInvis +   a - +8 trident of the Octopus King {venom, rElec rPois}
rCold   + . .      Faith    .   (no shield)
rNeg    . . .      Spirit   .   o - +2 troll leather armour
rPois   +          Reflect  .   (helmet unavailable)
rElec   +          Harm     .   P - scarf {rC+ rF+}
rCorr   .          Rampage  .   (no gloves)
Will    +....                   L - +0 pair of boots
Stlth   ++........              m - amulet of magic regeneration
HPRegen 0.22/turn               u - +6 ring of dexterity
MPRegen 0.61/turn               N - ring of magical power

@: no status effects
A: permanent stasis, dig shafts and tunnels, antennae 3, four strong arms
a: Dig, Shaft Self, Renounce Religion, Unearth Wretches


You were on level 9 of the Dungeon.
You worshipped Kikubaaqudgha.
Kikubaaqudgha was pleased with you.
You visited 2 branches of the dungeon, and saw 10 of its levels.
You also visited: Sewer.

You collected 547 gold pieces.
You spent 75 gold pieces at shops.

Inventory:

Hand Weapons
 a - the +8 trident of the Octopus King (weapon) {venom, rElec rPois}
   (You found it on level 6 of the Dungeon)

   It poisons the flesh of those it strikes.
   rElec:     It insulates you from electricity.
   rPois:     It protects you from poison.
 d - a +4 scimitar of flaming
Missiles
 e - 84 stones
 C - 5 curare-tipped darts
 G - 4 boomerangs
 J - 2 throwing nets
 O - 35 poisoned darts
Armour
 o - a +2 troll leather armour (worn)
 p - a +2 robe of the Archmagi
 L - a +0 pair of boots (worn)
 P - a scarf of resistance (worn)
Jewellery
 g - an amulet of the acrobat
 l - a ring of ice
 m - an amulet of magic regeneration (around neck)
 t - a ring of positive energy
 u - a +6 ring of dexterity (left hand)
 M - a ring of flight
 N - a ring of magical power (right hand)
Wands
 s - a wand of roots (9)
 I - a wand of paralysis (10)
 K - a wand of polymorph (8)
 T - a wand of acid (3)
Scrolls
 c - 3 scrolls of enchant weapon
 k - a scroll of torment {unknown}
 r - 2 scrolls of fear
 v - 3 scrolls of immolation {unknown}
 w - 5 scrolls of butterflies
 x - a scroll of poison {unknown}
 y - a scroll of noise {unknown}
 z - a scroll of identify
 A - 2 scrolls of brand weapon
 B - 3 scrolls of teleportation
 D - a scroll of blinking {unknown}
 F - a scroll of silence {unknown}
Potions
 b - 5 potions of magic
 f - a potion of attraction {unknown}
 h - 2 potions of resistance
 i - 2 potions of ambrosia
 j - a potion of might {unknown}
 n - 2 potions of flight
 q - 3 potions of curing
 E - 2 potions of lignification
 H - a potion of mutation {unknown}
 Q - a potion of heal wounds
 R - a potion of brilliance {unknown}
 S - 2 potions of cancellation


   Skills:
 * Level 5.5 Fighting
 - Level 4.0 Polearms
 * Level 5.5 Armour
 * Level 3.6 Dodging
 - Level 2.4 Stealth
 - Level 7.0 Spellcasting
 - Level 6.0 Conjurations
 - Level 9.0 Necromancy


You had 15 spell levels left.
You knew the following spells:

 Your Spells              Type           Power      Damage    Failure   Level
a - Searing Ray           Conj           70%        2d7       1%          2
c - Magic Dart            Conj           100%       1d8       1%          1
d - Vampiric Draining     Necr           49%        2d9       1%          3
z - Sublimation of Blood  Necr           49%        N/A       1%          2

Your spell library contained the following spells:

 Spells                   Type           Power      Damage    Failure   Level
 Necrotise                Necr           100%       1d9       1%          1
 Dazzling Flash           Conj/Hex       42%        N/A       9%          3
 Poisonous Vapours        Pois/Air       16%        N/A       14%         2
 Anguish                  Hex/Necr       14%        N/A       16%         4
 Gell's Gravitas          Tloc           8%         N/A       28%         3
 Lesser Beckoning         Tloc           8%         N/A       28%         3
 Teleport Other           Tloc           8%         N/A       28%         3
 Corpse Rot               Necr/Pois/Air  21%        N/A       28%         4
 Fulminant Prism          Conj/Hex       10%        3d9       28%         4
 Iskenderun's Mystic Bla  Conj/Tloc      21%        2d6       28%         4
 Petrify                  Tmut/Erth      8%         N/A       67%         4
 Metabolic Englaciation   Hex/Ice        4%         N/A       95%         5
 Statue Form              Tmut/Erth      5%         N/A       100%        6


Dungeon Overview and Level Annotations

Branches:
Dungeon (9/15)             Temple (1/1) D:6           Sewer (visited)
   Lair: D:8-11         Orc: D:9-12

Altars:
Ashenzari
Cheibriados
Kikubaaqudgha
Makhleb
Nemelex Xobeh
Qazlal
Ru
Sif Muna
Trog
Xom
Yredelemnul

Shops:
D:4 [([?:

Annotations:
D:3 3 runed translucent doors, NiggerDarts's ghost, amateur HuFi
D:4 1 runed translucent door, SonOfSpiff's ghost, amateur TrHW
D:7 3 runed translucent doors, kalagan's ghost, novice DECj
D:8 1 runed translucent door, Merkmiralles's ghost, novice MiBe


Innate Abilities, Weirdness & Mutations

You cannot be hasted, slowed, berserked, paralysed or teleported.
You can dig through walls and to a lower floor.
You have a pair of large antennae on your head. (SInv)
Your four strong arms can wield two-handed weapons with a shield.


Message History

The arrow barely misses you.
The centaur shoots an arrow.
The arrow hits you!
The centaur shoots an arrow.
The arrow completely misses you.
The centaur shoots an arrow.
The arrow hits you!
The centaur shoots an arrow.
The arrow hits you.
The centaur unwields a +0 shortbow.
The centaur barely misses you. The centaur misses you.
Casting: Vampiric Draining (safe; 1% risk of failure)
Confirm with . or Enter, or press ? or * to list all spells.
Aiming: Vampiric Draining (safe; 1% risk of failure)
Press: ? - help, Shift-Dir - straight line, f - centaur
Aim: a centaur, carrying a wand of flame (9)
You draw life force from the centaur.
You feel life coursing into your body.
The centaur hits you but does no damage.
The centaur kicks you but does no damage.
The centaur hits you but does no damage.
The centaur closely misses you.
Casting: Vampiric Draining (safe; 1% risk of failure)
Confirm with . or Enter, or press ? or * to list all spells.
Aiming: Vampiric Draining (safe; 1% risk of failure)
Press: ? - help, Shift-Dir - straight line, f/p - centaur
Aim: a centaur, carrying a wand of flame (9) (moderately wounded)
You draw life force from the centaur!
You feel life coursing into your body.
The centaur hits you but does no damage.
The centaur kicks you but does no damage.
The gargoyle hurls a stone arrow at you.
The stone arrow misses you.
The stone arrow hits the centaur!
The centaur dies!
The gargoyle hurls a stone arrow at you.
The stone arrow hits you!!
You die...
Kikubaaqudgha rasps: "You have failed me!
Welcome... death!"

############## #####........9...#
#.........######.# #########
#@..^9..>.# #.#
#.......#####.........# #.#
####........†............## #9#
.[....####.##.............# #.#
........##.##.#.......<...# #.#
.###[##.##.##.#..........>#####.#
.###.##.##.##.#......[..........#
..##.......##.#..................
..#####.#####.#.################.


You could see a gargoyle.

Vanquished Creatures
  Erica (D:8)
  A troll (D:9)
  Sigmund (D:5)
  6 yaks (D:9)
  2 steam dragons
  A water moccasin (D:6)
  4 orc warriors
  A sky beast (D:8)
  2 ice beasts
  2 ogres
  A centaur (D:6)
  2 phantoms
  3 kobold brigands (Sewer)
  A gnoll sergeant (D:7)
  A scorpion (D:5)
  4 wights (D:7)
  6 killer bees (D:7)
  3 electric eels (D:8)
  A hound (D:6)
  A jelly (D:4)
  10 orc priests
  3 iguanas
  8 orc wizards
  10 adders
  6 gnolls
  A river rat (Sewer)
  A shadow imp (D:8)
  2 white imps
  4 worms
  4 dart slugs
  30 orcs
  7 endoplasms
  2 giant cockroaches
  4 goblins
  5 hobgoblins
  6 jackals (D:1)
  A quokka (D:3)
  5 ball pythons
  A bat (D:2)
  2 frilled lizards
  10 kobolds
  6 rats
  A butterfly (D:6)
173 creatures vanquished.

Vanquished Creatures (others)
  A centaur (D:9)
  2 fungi
  11 plants
14 creatures vanquished.

Grand Total: 187 creatures vanquished

Notes
Turn   | Place    | Note
-------+----------+-------------------------------------------
     0 | D:1      | DildoBatman the Formicid Conjurer began the quest for the
                  | Orb.
     0 | D:1      | Reached XP level 1. HP: 13/13 MP: 3/3
   230 | D:1      | Reached XP level 2. HP: 20/20 MP: 0/5
   233 | D:1      | Learned a level 2 spell: Searing Ray
   670 | D:1      | Reached skill level 1 in Fighting
   696 | D:1      | Reached skill level 1 in Armour
   696 | D:1      | Reached XP level 3. HP: 19/26 MP: 1/6
  1762 | D:2      | Reached XP level 4. HP: 32/32 MP: 2/8
  2475 | D:3      | Found a runed translucent gate.
  2476 | D:3      | Found a runed translucent gate.
  2476 | D:3      | Found a runed translucent gate.
  2477 | D:3      | Noticed NiggerDarts's ghost (amateur HuFi)
  2633 | D:3      | Reached XP level 5. HP: 20/38 MP: 2/9
  3164 | D:3      | Found a faded altar of an unknown god.
  3597 | D:4      | Reached XP level 6. HP: 46/46 MP: 3/11
  3717 | D:4      | Noticed an ogre
  3726 | D:4      | Killed an ogre
  3826 | D:4      | Found Qaunuk's Book Emporium.
  3854 | D:4      | Found a sacrificial altar of Ru.
  3983 | D:4      | Found a runed translucent door.
  3983 | D:4      | Noticed SonOfSpiff's ghost (amateur TrHW)
  4023 | D:4      | Found Biaxkaxt's Armour Shop.
  4024 | D:4      | Found Mufob's Magic Scroll Shop.
  4026 | D:4      | Found Hogreral's Armour Shop.
  4026 | D:4      | Found Sathev's Antique Weapon Shop.
  4032 | D:4      | Bought a scroll of magic mapping for 75 gold pieces
  4344 | D:5      | Entered Level 5 of the Dungeon
  4523 | D:6      | Found a staircase to the Ecumenical Temple.
  4531 | Temple   | Entered the Ecumenical Temple
  4539 | Temple   | Became a worshipper of Kikubaaqudgha
  4560 | D:6      | Reached XP level 7. HP: 47/51 MP: 9/13
  4607 | D:5      | Found a glowing drain.
  4619 | Sewer    | Entered a sewer
  4694 | Sewer    | Reached skill level 5 in Conjurations
  4854 | Sewer    | Reached * piety under Kikubaaqudgha
  4854 | Sewer    | Received a gift from Kikubaaqudgha
  5143 | D:5      | Noticed Sigmund
  5155 | D:5      | Killed Sigmund
  5156 | D:5      | Reached skill level 5 in Spellcasting
  5156 | D:5      | Reached skill level 1 in Necromancy
  5156 | D:5      | Reached XP level 8. HP: 53/58 MP: 12/15
  5738 | D:5      | Reached skill level 2 in Necromancy
  5744 | D:5      | Learned a level 3 spell: Vampiric Draining
  5747 | D:5      | Learned a level 2 spell: Sublimation of Blood
  6074 | D:6      | You fall into a shaft and drop 1 floor!
  6173 | D:6      | Reached skill level 3 in Necromancy
  6173 | D:6      | Reached XP level 9. HP: 14/66 MP: 5/17
  6457 | D:6      | Reached skill level 5 in Fighting
  6457 | D:6      | Reached skill level 5 in Armour
  6525 | D:6      | Found the +8 trident of the Octopus King {venom, rElec
                  | rPois}
  6785 | D:7      | Reached skill level 4 in Necromancy
  6803 | D:7      | Reached skill level 1 in Polearms
  6847 | D:7      | Identified the +5 spear of Pandemonium {vorpal, Fragile
                  | rElec Str+3}
  6904 | D:7      | Identified the +1 leather armour of Activism {Regen+ Str+7}
  7295 | D:7      | Found a runed translucent gate.
  7296 | D:7      | Found a runed translucent gate.
  7297 | D:7      | Noticed kalagan's ghost (novice DECj)
  7297 | D:7      | Found a runed translucent gate.
  7297 | D:7      | Identified the +1 chain mail of Untruth {Str+2}
  7999 | D:7      | Reached skill level 5 in Necromancy
  8263 | D:8      | Reached XP level 10. HP: 71/73 MP: 14/20
  8266 | D:8      | Reached ** piety under Kikubaaqudgha
  8489 | D:8      | Found a runed translucent door.
  8492 | D:8      | Identified the +5 trident "Siziushuvo" {vamp, rC+ Will+
                  | MP+9}
  8492 | D:8      | Noticed Merkmiralles's ghost (novice MiBe)
  8668 | D:8      | Noticed Erica
  8682 | D:8      | Killed Erica
  8683 | D:8      | Reached skill level 7 in Necromancy
  8738 | D:8      | Reached skill level 8 in Necromancy
  8868 | D:8      | Identified the +5 glaive of the Several Loafs {venom, MP+9}
  8878 | D:8      | Noticed a skeletal warrior
  9262 | D:9      | Reached skill level 9 in Necromancy
  9325 | D:9      | Noticed a gargoyle
  9358 | D:9      | HP: 2/74 [centaur/arrow (6)]
  9362 | D:9      | Killed from afar by a gargoyle

Illustrated notes

Levels and vault maps discovered:
D:1:      dpeg_arrival_oval, layout_basic, roderic_serpentine_path
D:2:      layout_loops_corners, minmay_hedge_maze, minmay_misc_feat_four_crosses
D:3:      layout_loops_ring, shapermc_ecumenical_altar_totnotflames,
          ebering_ghost_rock_garden
D:4:      layout_basic, nicolae_ru_the_path_less_chosen, serial_curves,
          eino_curves_02, eino_curves_02, gammafunk_ghost_grave,
          nicolae_stop_n_shop_1, minmay_shop_grid_forest
D:5:      layout_basic, portal_sewer_entry_d, uniq_sigmund
D:6:      layout_basic, minmay_temple_entry_butterflies, minmay_misc_feat_alley
D:7:      layout_layer_cave, biasface_ghost_orc_armoury
D:8:      layout_loops_ring, ebering_ghost_funeral_grove, serial_aquarium,
          aquarium_bridge_square [aquarium_subvault_wall,
          aquarium_subvault_bridge, aquarium_subvault_window,
          aquarium_subvault_wall], aquarium_window_3, aquarium_window_fake,
          aquarium_window_2, aquarium_view_2a, aquarium_view_2e,
          aquarium_pool_2, st_stairs_10, dilly_guarded_unrand_morg, uniq_erica
D:9:      layout_loops_ring, nicolae_overflow_hidden_temple, orc_0_dummy,
          enter_bailey_6
Temple:   compressed_dpeg_triangle_lava_temple

Skill      XL: |  1  2  3  4  5  6  7  8  9 10 |
---------------+-------------------------------+-----
Dodging        | 2 3 |  3.6
Fighting       | 1 2 3 4 5 |  5.5
Armour         | 1 2 3 4 5 |  5.5
Conjurations   | 4 5 6 |  6.0
Spellcasting   | 3 4 5 7 |  7.0
Necromancy     | 1 3 5 9 |  9.0
Polearms       | 3 4 |  4.0
Stealth        | |  2.4

Action                   |  1- 3 |  4- 6 |  7- 9 | 10-12 || total
-------------------------+-------+-------+-------+-------++-------
Melee: Unarmed           |     4 |       |       |       ||     4
       Dagger            |    23 |    13 |       |       ||    36
       Punch             |       |     2 |     2 |       ||     4
       Mace              |       |    17 |    32 |       ||    49
       Trident           |       |       |    16 |    18 ||    34
 Cast: Magic Dart        |    67 |    28 |    51 |     5 ||   151
       Searing Ray       |     1 |    19 |    49 |    17 ||    86
       Vampiric Draining |       |       |    10 |    14 ||    24
 Abil: Dig               |       |     1 |     2 |     3 ||     6
  Use: Scroll            |       |     4 |     5 |     6 ||    15
       Potion            |       |       |     4 |       ||     4
 Stab: Sleeping          |       |     1 |       |       ||     1
Armor: Robe              |     5 |     3 |     8 |       ||    16
       Steam dragon scal |       |       |    14 |       ||    14
       Leather armour    |       |       |     2 |     4 ||     6
       Troll leather arm |       |       |       |     6 ||     6
Dodge: Dodged            |    49 |    16 |   106 |    23 ||   194
